 Dungeon Crawl Stone Soup version 0.16-a0-3210-ge5ae1c3 (webtiles) character file.

34 Ololoev the Ducker (level 3, -10/19 HPs)
             Began as a Spriggan Abyssal Knight on Dec 19, 2014.
             Was a Follower of Lugonu.
             Mangled by a cacodemon (12 damage)
             ... on level 1 of the Abyss.
             The game lasted 00:03:42 (279 turns).

Ololoev the Ducker (Spriggan Abyssal Knight)         Turns: 279, Time: 00:03:42

Health: -10/19     AC:  2    Str:  9    XL:     3   Next: 14%
Magic:  6/6        EV: 19    Int: 13    God:    Lugonu [*.....]
Gold:   0          SH:  0    Dex: 15    Spells: 0 memorised, 2 levels left

rFire  . . .     SeeInvis +     a - +1 spear
rCold  . . .     Clarity  .     b - +0 robe
rNeg   . . .     SustAb   .     (shield restricted)
rPois  .         Gourm    .     (helmet restricted)
rElec  .         Spirit   .     (no cloak)
rCorr  .         Warding  .     (gloves unavailable)
rMut   .         Stasis   .     (boots unavailable)
MR     .....                    (no amulet)
Stlth  +.........               (no ring)
                                (no ring)

@: confused, very quick, not resistant to hostile enchantments, very unstealthy
A: unfitting armour, see invisible, herbivore 3, speed 3, slow metabolism 2
a: Depart the Abyss, Renounce Religion


You were on level 1 of the Abyss.
You worshipped Lugonu.
Lugonu was aware of your devotion.
You were not hungry.

You visited 0 branches of the dungeon, and saw 0 of its levels.
You visited the Abyss 1 time.

Notes
Turn   | Place    | Note
--------------------------------------------------------------
     0 | Abyss:1  | Ololoev, the Spriggan Abyssal Knight, began the quest for the Orb.
     0 | Abyss:1  | Reached XP level 1. HP: 11/11 MP: 2/2
    77 | Abyss:1  | Noticed a chaos spawn
    92 | Abyss:1  | Noticed a small abomination
    92 | Abyss:1  | Noticed a neqoxec
   109 | Abyss:1  | Noticed a hellion
   188 | Abyss:1  | Noticed a small abomination
   198 | Abyss:1  | Noticed a small abomination
   232 | Abyss:1  | Killed a small abomination
   232 | Abyss:1  | Reached skill level 1 in Stealth
   232 | Abyss:1  | Reached XP level 2. HP: 16/16 MP: 4/4
   232 | Abyss:1  | Reached XP level 3. HP: 19/19 MP: 6/6
   271 | Abyss:1  | Noticed a cacodemon
   279 | Abyss:1  | Mangled by a cacodemon

Inventory:

Hand weapons
 a - a +1 spear (weapon)
Armour
 b - a +0 robe (worn)
Comestibles
 c - a bread ration

Table legend:
 A = Turns spent in this place as a percentage of turns spent in the entire game.
 B = Non-inter-level travel turns spent in this place as a percentage of non-inter-level travel turns spent in the entire game.
 C = Inter-level travel turns spent in this place as a percentage of turns spent in this place.
 D = Turns resting spent in this place as a percentage of non-inter-level travel turns spent in this place.
 E = Turns spent auto-exploring this place as a percentage of non-inter-level travel turns spent in this place.
 F = Non-inter-level travel turns spent in this place divided by the number of levels of this place that you've seen.
                   A       B       C       D       E      F
               +-------+-------+-------+-------+-------+----------------------
         Total | 100.0 | 100.0 |   0.0 |   0.0 |   0.4 | 264.0
         Abyss | 100.0 | 100.0 |   0.0 |   0.0 |   0.4 | 264.0
               +-------+-------+-------+-------+-------+----------------------


   Skills:
 + Level 2.6 Fighting
 * Level 1.9 Polearms
 - Level 0.6 Armour
 + Level 3.9 Dodging
 + Level 1.4 Stealth
 - Level 1.7 Invocations


You had 2 spell levels left.
You didn't know any spells.

Dungeon Overview and Level Annotations

Branches:
Dungeon (0/15)

Altars:


Innate Abilities, Weirdness & Mutations

You are tiny and cannot use many weapons and most armour.
You have supernaturally acute eyesight.
You are a herbivore.
You cover ground extremely quickly.
You need consume almost no food.


Message History

Attack whom?
Press: ? - help, Dir - move target cursor, f/p - small abomination
Aim: a small abomination (lightly damaged)
You reach to attack!
You hit the small abomination.
The small abomination is lightly damaged.
Attack whom?
Press: ? - help, Dir - move target cursor, f/p - small abomination
Aim: a small abomination (lightly damaged)
You reach to attack!
You hit the small abomination.
The small abomination is lightly damaged.
Attack whom?
Press: ? - help, Dir - move target cursor, f/p - small abomination
Aim: a small abomination (lightly damaged)
You reach to attack!
You hit the small abomination but do no damage.
The small abomination is lightly damaged.
Attack whom?
Press: ? - help, Dir - move target cursor, f/p - small abomination
Aim: a small abomination (lightly damaged)
You reach to attack!
You closely miss the small abomination.
The small abomination is lightly damaged.
A cacodemon comes into view.
The cacodemon shouts!
The cacodemon gestures at you.
You are confused.
You bump into the stone wall.
The small abomination misses you.
You bump into the stone wall.
The small abomination misses you. The cacodemon gestures at you.
You are more confused.
You're too confused!
You miss the small abomination.
The small abomination is lightly damaged.
The small abomination completely misses you.
The cacodemon misses you. The cacodemon closely misses you.
You miss the small abomination.
The small abomination is lightly damaged.
The small abomination completely misses you.
The cacodemon hits you!
Ouch! That really hurt!
You die...

. ...... . ...# # .
.#.... # .....## . #
.. ##... #...#.. # .#
##.## #.##... ..
#...###...###...# ..#
.
....#.....#..........
. ................#.
..#...2.#.....## .
###.@x###...## ##.##
##.## ##...###.. ###
. ..#.....#........
.......... ...# ##
...#.....#.. . .#..
..###...###...#.... #
##.## ##.###.# #...
...# .


You could see a cacodemon and a small abomination.

Table legend:
 A = Kills in this place as a percentage of kills in entire the game.
 B = Kills by you in this place as a percentage of kills by you in the entire game.
 C = Kills by friends in this place as a percentage of kills by friends in the entire game.
 D = Other kills in this place as a percentage of other kills in the entire game.
 E = Experience gained in this place as a percentage of experience gained in the entire game.
 F = Experience gained in this place divided by the number of levels of this place that you have seen.
                   A       B       C       D       E      F
               +-------+-------+-------+-------+-------+----------------------
         Total | 100.0 | 100.0 |  -nan |  -nan | 100.0 |  49.0
         Abyss | 100.0 | 100.0 |  -nan |  -nan | 100.0 |  49.0
               +-------+-------+-------+-------+-------+----------------------

Vanquished Creatures
  A small abomination (Abyss:1)
1 creature vanquished.

Action                   || total
-------------------------++-------
Melee: Spear             ||    22

Vault maps used:
